 Dungeon Crawl Stone Soup version 0.21.1-1-g345015fe64 (webtiles) character file.

957 Evaline the Basher (level 7, 18/61 HPs)
             Began as a Minotaur Fighter on June 14, 2018.
             Was an Initiate of Okawaru.
             Quit the game on level 6 of the Dungeon.
             The game lasted 00:30:18 (4570 turns).

Evaline the Basher (Minotaur Fighter)               Turns: 4570, Time: 00:30:18

Health: 18/61      AC: 13    Str: 23    XL:     7   Next: 91%
Magic:  6/6        EV:  6    Int:  5    God:    Okawaru [......]
Gold:   233        SH:  5    Dex:  9    Spells: 6/6 levels left

rFire    . . .     SeeInvis .   a - +2 mace (crush)
rCold    . . .     Gourm    .   H - +0 buckler
rNeg     . . .     Faith    .   G - +0 plate armour
rPois    .         Spirit   .   (helmet restricted)
rElec    .         Reflect  .   (no cloak)
rCorr    .         Harm     .   m - +0 pair of gloves
MR       .....                  (no boots)
Stlth    ..........             (no amulet)
HPRegen  0.20/turn              (no ring)
MPRegen  0.10/turn              (no ring)

@: no status effects
A: retaliatory headbutt, horns 2
a: Renounce Religion


You were on level 6 of the Dungeon.
You worshipped Okawaru.
Okawaru was noncommittal.
You were hungry.

You visited 2 branches of the dungeon, and saw 7 of its levels.

You collected 233 gold pieces.

Inventory:

Hand Weapons
 a - a +2 mace of crushing (weapon)
 b - a +1 antimagic whip
 x - a +0 falchion
 y - a +0 hand axe
 L - a +0 spear
Missiles
 i - 2 javelins of returning
 k - 116 stones (quivered)
 s - 8 steel tomahawks
 w - 5 tomahawks
 C - 23 poisoned needles
 F - 30 sling bullets
Armour
 c - a +0 shield
 m - a +0 pair of gloves (worn)
 G - a +0 plate armour (worn)
 H - a +0 buckler (worn)
Wands
 r - a wand of iceblast (7)
 z - a wand of digging (25)
Scrolls
 e - 2 scrolls of blinking
 g - 4 scrolls of remove curse
 h - 4 scrolls of identify
 l - a scroll of enchant armour {unknown}
 n - 2 scrolls of fog {unknown}
 o - 3 scrolls of teleportation {unknown}
 q - a scroll of noise {unknown}
 D - a scroll of fear {unknown}
 E - a scroll of amnesia {unknown}
 J - a scroll of summoning {unknown}
Potions
 d - 4 potions of might
 j - a potion of haste {unknown}
 p - 5 potions of curing
 t - a potion of agility {unknown}
 u - a potion of flight {unknown}
 v - a potion of lignification {unknown}
 B - 4 potions of magic {unknown}
 I - a potion of brilliance {unknown}
Comestibles
 f - 10 rations
 A - a chunk of flesh


   Skills:
 + Level 5.0 Fighting
 * Level 8.6 Maces & Flails
 + Level 5.6 Armour
 * Level 5.7 Shields


You had 6 spell levels left.
You didn't know any spells.

Dungeon Overview and Level Annotations

Branches:
Dungeon (6/15)             Temple (1/1) D:5

Altars:
Ashenzari
Cheibriados
Dithmenos
Fedhas
Gozag
Hepliaklqana
Kikubaaqudgha
Nemelex Xobeh
Okawaru
Qazlal
Ru
Sif Muna
Trog
Uskayaw
Vehumet
Wu Jian
Xom
Yredelemnul
Zin

Annotations:
D:3 Vanreis's ghost, amateur MiFi
D:6 GreedyOne's ghost, novice FoFi


Innate Abilities, Weirdness & Mutations

You reflexively headbutt those who attack you in melee.
You have a pair of horns on your head.


Message History

You enter the shallow water.
Moving in this stuff is going to be slow.
There is a large open door here.
You enter the shallow water.
Moving in this stuff is going to be slow.
The iguana bites you.
The hippogriff bites you but does no damage.
The hippogriff pecks you but does no damage.
The hippogriff claws you but does no damage.
The hippogriff bites you but does no damage.
The hippogriff pecks you. The hippogriff closely misses you.
The iguana bites you but does no damage.
The hippogriff bites you but does no damage.
The hippogriff pecks you but does no damage.
The hippogriff claws you.
* * * LOW HITPOINT WARNING * * *
The iguana splashes around in the water.
There is a collapsed entrance here.
You can't go down here!
Are you sure you want to abandon this character and quit the game? (Confirm with "yes".)

#...Hs.......#
##..########.##
#...†....###.##
#≈.......##...##
#≈≈≈≈....#..#..####
#≈≈≈≈≈...#.###.....
#####≈≈..#. #..####
#≈≈≈#≈...##...##
#≈@Hs≈≈≈.#####
#≈≈l'≈...#
##########


You could see a hippogriff, a scorpion and an iguana.

Vanquished Creatures
  The ghost of animesage94 the Slasher, a novice DrBe of Trog (D:5)
  An ice beast (D:5)
  A sky beast (D:5)
  2 crimson imps
  A centaur zombie (D:5)
  An orc priest (D:5)
  A centaur skeleton (D:4)
  A jelly (D:5)
  An orc wizard (D:3)
  2 worker ants
  A hound skeleton (D:6)
  A worker ant zombie (D:5)
  2 adders (D:6)
  A shadow imp (D:6)
  2 oozes
  5 worms
  4 leopard geckos
  15 orcs
  2 ball pythons (D:6)
  9 bats
  4 giant cockroaches
  4 goblins (D:1)
  10 hobgoblins
  15 jackals
  10 kobolds
  7 quokkas
  2 frilled lizards (D:1)
  A giant cockroach zombie (D:6)
  7 rats
114 creatures vanquished.

Notes
Turn   | Place    | Note
-------+----------+-------------------------------------------
     0 | D:1      | Evaline the Minotaur Fighter began the quest for the Orb.
     0 | D:1      | Reached XP level 1. HP: 19/19 MP: 0/0
    58 | D:1      | Reached XP level 2. HP: 20/27 MP: 1/1
   477 | D:1      | Reached skill level 3 in Maces & Flails
   477 | D:1      | Reached XP level 3. HP: 31/33 MP: 2/2
   736 | D:2      | Found a stormy altar of Qazlal.
   949 | D:2      | Found a snail-covered altar of Cheibriados.
  1224 | D:3      | Reached XP level 4. HP: 38/40 MP: 3/3
  1404 | D:3      | Reached skill level 4 in Maces & Flails
  1730 | D:3      | Noticed Vanreis's ghost (amateur MiFi)
  1924 | D:4      | Found an ornate altar of the Wu Jian Council.
  1924 | D:4      | Found a basalt altar of Yredelemnul.
  1987 | D:4      | Reached XP level 5. HP: 24/46 MP: 4/4
  2040 | D:4      | Reached skill level 5 in Maces & Flails
  2324 | D:4      | Found a sparkling altar of Nemelex Xobeh.
  2910 | D:5      | Entered Level 5 of the Dungeon
  2985 | D:5      | Noticed an ice beast
  3053 | D:5      | Found a blossoming altar of Fedhas.
  3092 | D:5      | Noticed animesage94's ghost (novice DrBe)
  3260 | D:5      | Reached XP level 6. HP: 52/53 MP: 5/5
  3308 | D:5      | Killed animesage94's ghost
  3308 | D:5      | Reached skill level 7 in Maces & Flails
  3308 | D:5      | Reached skill level 5 in Armour
  3308 | D:5      | Reached skill level 5 in Shields
  3308 | D:5      | Reached XP level 7. HP: 53/60 MP: 6/6
  3357 | D:5      | Found a staircase to the Ecumenical Temple.
  3365 | Temple   | Entered the Ecumenical Temple
  3371 | Temple   | Became a worshipper of Warmaster Okawaru
  3782 | D:5      | Reached skill level 8 in Maces & Flails
  4018 | D:6      | Reached skill level 5 in Fighting
  4045 | D:6      | Noticed GreedyOne's ghost (novice FoFi)
  4055 | D:6      | Found a glowing silver altar of Zin.
  4389 | D:6      | Noticed a hippogriff
  4570 | D:6      | Quit the game

Skill      XL: |  1  2  3  4  5  6  7 |
---------------+----------------------+-----
Shields        | 4 5 |  5.7
Fighting       | 4 5 |  5.0
Armour         | 4 5 |  5.6
Maces & Flails | 3 4 5 7 8 |  8.6

Action                   |  1- 3 |  4- 6 |  7- 9 || total
-------------------------+-------+-------+-------++-------
Melee: Flail             |   107 |     4 |       ||   111
       Headbutt          |    10 |    18 |    11 ||    39
       Mace              |       |    89 |    58 ||   147
       Whip              |       |     6 |    15 ||    21
  Use: Scroll            |       |       |     3 ||     3
  Eat: Chunk             |     1 |     5 |     5 ||    11
Armor: Scale mail        |    72 |     1 |       ||    73
       Chain mail        |       |    27 |       ||    27
       Plate armour      |       |    23 |   103 ||   126
Dodge: Dodged            |    52 |    20 |    34 ||   106
Block: Buckler           |       |    11 |    32 ||    43
